 Dungeon Crawl Stone Soup version 0.19-a0-722-g27ac516 (webtiles) character file.

245 TheGoonsmith the Conjurer (level 5, -13/28 HPs)
             Began as a Deep Elf Conjurer on June 21, 2016.
             Mangled by wearedevo's ghost (15 damage)
             ... on level 3 of the Dungeon.
             The game lasted 00:05:28 (3203 turns).

TheGoonsmith the Conjurer (Deep Elf Conjurer)       Turns: 3203, Time: 00:05:29

Health: -13/28     AC:  2    Str:  5    XL:     5   Next: 84%
Magic:  5/14       EV: 18    Int: 20    God:
Gold:   268        SH:  5    Dex: 21    Spells: 4 memorised, 2 levels left

rFire  . . .     SeeInvis .     h - +0 dagger (drain)
rCold  . . .     Gourm    .     a - +0 robe
rNeg   . . .     Faith    .     y - +0 buckler
rPois  .         Spirit   .     (no helmet)
rElec  .         Dismiss  .     (no cloak)
rCorr  .         Reflect  .     (no gloves)
SustAt .         Harm     .     (no boots)
MR     .....                    (no amulet)
Stlth  +++.......               (no ring)
                                (no ring)

@: agile, not resistant to hostile enchantments, fairly stealthy
A: no striking features
a: no special abilities


You were on level 3 of the Dungeon.
You were not hungry.

You visited 1 branch of the dungeon, and saw 3 of its levels.
You also visited: Sewer.

You collected 268 gold pieces.

Inventory:

Hand Weapons
 f - a +0 club
 h - a +0 dagger of draining (weapon)
Armour
 a - a +0 robe (worn)
 y - a +0 buckler (worn)
Jewellery
 i - an uncursed ring of fire
Scrolls
 d - a scroll of identify
 e - 2 scrolls of random uselessness {unknown}
 g - a scroll of immolation {unknown}
 k - a scroll of enchant weapon {unknown}
 l - a scroll of recharging {unknown}
 n - 2 scrolls of remove curse
 u - a scroll of enchant armour {unknown}
 v - 5 scrolls of teleportation
 w - a scroll of magic mapping {unknown}
Potions
 j - a potion of heal wounds {unknown}
 p - a potion of curing {unknown}
 q - a potion of brilliance {unknown}
 s - a potion of agility
 t - a potion of cancellation {unknown}
 x - a potion of flight
 z - a potion of magic {unknown}
 A - 2 potions of degeneration {unknown}
Books
 b - a book of Conjurations

   Spells                             Type                      Level
   a - Magic Dart                     Conjuration                  1
   b - Searing Ray                    Conjuration                  2
   c - Dazzling Spray                 Conjuration/Hexes            3
   d - Fulminant Prism                Conjuration/Hexes            4
   e - Iskenderun's Mystic Blast      Conjuration                  4
   f - Iskenderun's Battlesphere      Conjuration/Charms           5
Comestibles
 c - 2 bread rations
 m - a meat ration
 o - a beef jerky
 r - a royal jelly


   Skills:
 - Level 2.4 Dodging
 - Level 2.4 Stealth
 * Level 1.0 Shields
 + Level 5.3 Spellcasting
 * Level 6.5 Conjurations
 + Level 0.6 Hexes
 + Level 0.8 Charms


You had 2 spell levels left.
You knew the following spells:

 Your Spells              Type           Power        Failure   Level  Hunger
a - Magic Dart            Conj           ####         1%          1    None
b - Searing Ray           Conj           ####..       1%          2    None
c - Fulminant Prism       Conj/Hex       ###.......   43%         4    ####...
z - Iskenderun's Battles  Conj/Chrm      ###.....     94%         5    #####..


Dungeon Overview and Level Annotations

Branches:
Dungeon (3/15)

Altars:

Annotations:
D:3 wearedevo's ghost, amateur TrVM


Message History

Wearedevo's ghost is lightly damaged.
Wearedevo's ghost turns its malevolent gaze towards you.
You block wearedevo's ghost's attack.
The searing ray misses wearedevo's ghost.
The searing ray hits the ball python.
You kill the ball python!
Wearedevo's ghost hits you!
A bat comes into view.
The searing ray hits wearedevo's ghost.
Wearedevo's ghost is moderately damaged.
Wearedevo's ghost hits you!
* * * LOW HITPOINT WARNING * * *
Okay, then.
Press: ? - help, v - describe, . - travel
Here: wearedevo's ghost (moderately damaged)
The floor.
You feel agile all of a sudden. Wearedevo's ghost hits you!
Ouch! That really hurt!
You die...

#.# ##.## #.# #.#
#### ##.### #.#
#... ##....# #+#
#.## #....#.## #.#
#...###.# . #.#
#....#.## ... #.##
####...!.####.....
#...
..........@WJ†b....
+...
#######...####)....
#### ##.## ... #
...# . .#### # #.
##.##


You could see wearedevo's ghost, an ooze and a bat.

Vanquished Creatures
  Terence (D:3)
  Natasha (twice) (D:3)
  4 adders
  3 oozes (Sewer)
  6 worms
  A dart slug (D:2)
  3 giant geckos
  An orc (D:3)
  4 giant cockroaches
  10 goblins
  9 hobgoblins
  14 jackals
  5 kobolds
  3 ball pythons (D:3)
  19 bats
  A giant newt (Sewer)
  13 rats
99 creatures vanquished.

Notes
Turn   | Place    | Note
--------------------------------------------------------------
     0 | D:1      | TheGoonsmith the Deep Elf Conjurer began the quest for the Orb.
     0 | D:1      | Reached XP level 1. HP: 10/10 MP: 6/6
   350 | D:1      | Reached XP level 2. HP: 3/15 MP: 0/8
   953 | D:1      | Reached skill level 5 in Conjurations
  1038 | D:1      | Reached XP level 3. HP: 19/19 MP: 8/10
  1257 | D:1      | Learned a level 2 spell: Searing Ray
  1714 | D:2      | Reached XP level 4. HP: 24/24 MP: 8/12
  2010 | D:3      | Noticed Terence
  2015 | D:3      | Killed Terence
  2020 | D:3      | Found a glowing drain.
  2146 | Sewer    | Entered a sewer
  2154 | Sewer    | Reached skill level 6 in Conjurations
  2160 | Sewer    | Reached skill level 5 in Spellcasting
  2277 | Sewer    | Reached XP level 5. HP: 28/28 MP: 7/14
  2895 | D:3      | Learned a level 5 spell: Iskenderun's Battlesphere
  2900 | D:3      | Learned a level 4 spell: Fulminant Prism
  2955 | D:3      | Noticed Natasha
  2961 | D:3      | Killed Natasha
  3176 | D:3      | Noticed Natasha
  3180 | D:3      | Killed Natasha
  3180 | D:3      | Reached skill level 1 in Shields
  3196 | D:3      | Noticed wearedevo's ghost (amateur TrVM)
  3203 | D:3      | Mangled by wearedevo's ghost

Vault maps used:
D:1:      dpeg_arrival_houses_and_road, st_stairs_12
D:2:      hangedman_abyss_or_decor_stabs
D:3:      grunt_gozag_breadcrumbs, portal_sewer_entry_a, roderic_batcave,
          uniq_terence, uniq_robin, uniq_natasha
Sewer:    sewer_fruit_machine

Skill      XL: |  1  2  3  4  5 |
---------------+----------------+-----
Conjurations   | 5 6 |  6.5
Spellcasting   | 4 5 |  5.3
Shields        | 1 |  1.0
Dodging        | |  2.4
Stealth        | |  2.4
Hexes          | |  0.6
Charms         | |  0.8

Action                   |  1- 3 |  4- 6 || total
-------------------------+-------+-------++-------
Melee: Club              |     4 |       ||     4
       Dagger            |     7 |     2 ||     9
 Cast: Magic Dart        |    84 |   113 ||   197
       Searing Ray       |       |     5 ||     5
  Use: Scroll            |       |     4 ||     4
       Potion            |       |     2 ||     2
 Stab: Sleeping          |       |     2 ||     2
  Eat: Chunk             |     2 |     5 ||     7
Armor: Robe              |     4 |     6 ||    10
Dodge: Dodged            |    35 |    20 ||    55
Block: Buckler           |       |     2 ||     2
